 Dungeon Crawl Stone Soup version 0.30-a0-1161-g0704695555 (webtiles) character file.

Game seed: 9268209410289910436

509281 jt the Minotaur Barricade (level 23, -1/236 HPs)
             Began as a Minotaur Chaos Knight on Apr 27, 2023.
             Was the Champion of Jiyva.
             Killed from afar by an orb of fire (32 damage)
             ... with a bolt of fire
             ... on level 5 of the Realm of Zot on Apr 28, 2023.
             The game lasted 02:51:22 (41195 turns).

jt the Minotaur Barricade (Minotaur Chaos Knight)  Turns: 41195, Time: 02:51:24

Health: -1/236     AC: 36    Str: 35    XL:     23   Next: 90%
Magic:  22/22      EV: 10    Int: 12    God:    Jiyva [******]
Gold:   4808       SH: 24    Dex: 10    Spells: 22/22 levels left

rFire   + . .        a - +9 broad axe (drain)
rCold   + . .        P - +0 tower shield
rNeg    + + .        I - +7 crystal plate armour
rPois   +            H - +0 mask of the Dragon {Will+ Slay+3 SInv}
rElec   +            w - scarf {rC+ rF+}
rCorr   +            d - +1 pair of gloves
SInv    +            O - +0 pair of boots {Fly}
Will    +++++        K - amulet of the Four Winds {rN+ Will+++ Clar} Stlth
                     t - ring of positive energy
HPRegen 2.19/turn    p - ring "Xoaliwao" {rElec rPois Str+6}
MPRegen 0.68/turn

%: clarity
@: mighty, flying, hasted and slowed, studying 2 skills
A: horns 2, retaliatory headbutt, hooves 2, clever 1, sense surroundings 2,
strong 1, gelatinous body 1, pseudopods 1, translucent skin 1, tendrils,
MP-powered wands, engulf
}: 3/15 runes: barnacled, slimy, gossamer
a: Renounce Religion, Oozemancy, Slimify


You were on level 5 of the Realm of Zot.
You worshipped Jiyva.
Jiyva was exalted by your worship.
You visited 10 branches of the dungeon, and saw 49 of its levels.
You visited the Abyss 1 time.
You visited 1 ziggurat, and saw 10 of its levels.
You also visited: Volcano.

You collected 5661 gold pieces.
You spent 853 gold pieces at shops.

Inventory:

Hand Weapons
 a - a +9 broad axe of draining (weapon)
 b - the +6 war axe "Zoat" {elec, +Blink rC+ Str+6}
   (You found it on level 8 of the Dungeon)

   Str:       It affects your strength (+6).
   rC:        It protects you from cold.
   +Blink:    It lets you blink.
 c - a +4 demon trident of venom
 k - the +1 broad axe of the Tomato {holy, rN+ rCorr Str+3}
   (You acquired it on level 3 of the Spider Nest)

   Str:       It affects your strength (+3).
   rN:        It protects you from negative energy.
   rCorr:     It protects you from acid and corrosion.
Missiles
 r - 23 javelins
 T - 2 throwing nets
 Y - 7 curare-tipped darts
Armour
 d - a +1 pair of gloves (worn)
 w - a scarf of resistance (worn)
 F - a +0 kite shield of cold resistance
 H - the +0 mask of the Dragon (worn) {Will+ Slay+3 SInv}
   (You found it on level 5 of the Pits of Slime)

   Slay:      It affects your accuracy & damage with ranged weapons and melee
   (+3).
   SInv:      It lets you see invisible.
   Will:      It increases your willpower.
 I - a +7 crystal plate armour (worn)
 O - a +0 pair of boots of flying (worn)
 P - a +0 tower shield (worn)
 R - a +2 cloak of poison resistance
 U - the +1 pair of boots of Qeics {rElec Will+ Int+3 Dex-5}
   (You found it on level 3 of the Realm of Zot)

   Int:       It affects your intelligence (+3).
   Dex:       It affects your dexterity (-5).
   rElec:     It insulates you from electricity.
   Will:      It increases your willpower.
 W - +0 gold dragon scales
Jewellery
 p - the ring "Xoaliwao" (right hand) {rElec rPois Str+6}
   (You found it on level 5 of the Pits of Slime)

   [ring of strength]

   Str:       It affects your strength (+6).
   rElec:     It insulates you from electricity.
   rPois:     It protects you from poison.
 t - a ring of positive energy (left hand)
 K - the amulet of the Four Winds (around neck) {rN+ Will+++ Clar}
   (You found it on level 10 of a ziggurat)

   [amulet of nothing]

   rN:        It protects you from negative energy.
   Clar:      It protects you from confusion, rage, mesmerisation and fear.
   Will:      It greatly increases your willpower.
 L - an amulet of reflection
 V - the ring of the Writhing Saviour {Will+ MP+9}
   (You found it on level 9 of a ziggurat)

   [ring of magical power]

   MP:        It affects your magic capacity (+9).
   Will:      It increases your willpower.
 X - a ring of wizardry
Wands
 u - a wand of digging (13)
 B - a wand of acid (1)
 D - a wand of flame (59)
 E - a wand of polymorph (16)
 J - a wand of roots (18)
 M - a wand of paralysis (18)
 S - a wand of mindburst (38)
Scrolls
 f - 8 scrolls of fear
 l - 5 scrolls of vulnerability
 o - 4 scrolls of silence
 q - 10 scrolls of teleportation
 v - 2 scrolls of immolation
 x - 7 scrolls of magic mapping
 y - 6 scrolls of fog
 C - 3 scrolls of poison
 Q - a scroll of brand weapon
Potions
 e - 13 potions of mutation
 g - 8 potions of magic
 h - 21 potions of curing
 i - 7 potions of haste
 j - 13 potions of ambrosia
 m - 6 potions of might
 n - 4 potions of flight
 s - 3 potions of brilliance
 G - 2 potions of resistance
 N - a potion of berserk rage


   Skills:
 + Level 26.0 Fighting
 - Level 18.0 Axes
 - Level 2.0 Throwing
 + Level 25.3 Armour
 - Level 1.1 Dodging
 - Level 2.0 Stealth
 O Level 27 Shields
 - Level 13.7 Evocations


You had 22 spell levels left.
You didn't know any spells.
Your spell library contained the following spells:

 Spells                   Type           Power      Damage    Failure   Level
 Apportation              Tloc           0%         N/A       85%         1
 Magic Dart               Conj           0%         1d3       85%         1
 Necrotise                Necr           0%         1d4       85%         1
 Shock                    Conj/Air       0%         1d3       85%         1
 Slow                     Hex            0%         N/A       85%         1
 Summon Small Mammal      Summ           0%         N/A       85%         1
 Blink                    Tloc           0%         N/A       94%         2
 Call Imp                 Summ           0%         N/A       94%         2
 Cigotuvi's Dreadful Rot  Necr/Pois/Air  0%         N/A       94%         2
 Lesser Beckoning         Tloc           0%         N/A       94%         2
 Momentum Strike          Conj/Tloc      0%         3d8       94%         2
 Scorch                   Fire           0%         2d5       94%         2
 Static Discharge         Conj/Air       0%         2-2/arc   94%         2
 Call Canine Familiar     Summ           0%         N/A       99%         3
 Confusing Touch          Hex            0%         N/A       99%         3
 Dazzling Flash           Conj/Hex       0%         N/A       99%         3
 Frozen Ramparts          Ice            0%         1d1       99%         3
 Gell's Gravitas          Tloc           0%         N/A       99%         3
 Hailstorm                Conj/Ice       0%         3d3       99%         3
 Ignite Poison            Fire/Tmut/Pois 0%         N/A       99%         3
 Inner Flame              Hex/Fire       0%         N/A       99%         3
 Mephitic Cloud           Conj/Pois/Air  0%         N/A       99%         3
 Ozocubu's Armour         Ice            0%         N/A       99%         3
 Portal Projectile        Hex/Tloc       0%         N/A       99%         3
 Stone Arrow              Conj/Erth      0%         3d7       99%         3
 Swiftness                Air            0%         N/A       99%         3
 Teleport Other           Tloc           0%         N/A       99%         3
 Vampiric Draining        Necr           0%         2d6       99%         3
 Volatile Blastmotes      Fire/Tloc      0%         2d10      99%         3
 Airstrike                Air            0%         2d(0-16)  100%        4
 Anguish                  Hex/Necr       0%         N/A       100%        4
 Animate Armour           Summ/Erth      0%         N/A       100%        4
 Cause Fear               Hex            0%         N/A       100%        4
 Dispel Undead            Necr           0%         3d6       100%        4
 Flame Wave               Conj/Fire      0%         2d4       100%        4
 Ice Form                 Ice/Tmut       0%         N/A       100%        4
 Iskenderun's Mystic Bla  Conj/Tloc      0%         2d3       100%        4
 Leda's Liquefaction      Hex/Erth       0%         N/A       100%        4
 Petrify                  Tmut/Erth      0%         N/A       100%        4
 Sticky Flame             Conj/Fire      0%         2d3       100%        4
 Summon Ice Beast         Ice/Summ       0%         N/A       100%        4
 Summon Lightning Spire   Summ/Air       0%         N/A       100%        4
 Agony                    Necr           0%         N/A       100%        5
 Alistair's Intoxication  Tmut/Pois      0%         N/A       100%        5
 Freezing Cloud           Conj/Ice/Air   0%         6-21      100%        5
 Iskenderun's Battlesphe  Conj           0%         2d6       100%        5
 Metabolic Englaciation   Hex/Ice        0%         N/A       100%        5
 Summon Forest            Summ/Tloc      0%         N/A       100%        5
 Summon Mana Viper        Hex/Summ       0%         N/A       100%        5
 Yara's Violent Unravell  Hex/Tmut       0%         3d3       100%        5
 Conjure Ball Lightning   Conj/Air       0%         3x3d6     100%        6
 Dispersal                Tloc           0%         N/A       100%        6
 Eringya's Noxious Bog    Tmut/Pois      0%         N/A       100%        6
 Iron Shot                Conj/Erth      0%         9d1       100%        6
 Simulacrum               Ice/Necr       0%         N/A       100%        6
 Starburst                Conj/Fire      0%         6d3       100%        6
 Statue Form              Tmut/Erth      0%         N/A       100%        6
 Summon Cactus Giant      Summ           0%         N/A       100%        6
 Enfeeble                 Hex            0%         N/A       100%        7
 Haunt                    Necr/Summ      0%         N/A       100%        7
 Monstrous Menagerie      Summ           0%         N/A       100%        7
 Spellforged Servitor     Conj/Summ      0%         N/A       100%        7
 Storm Form               Tmut/Air       0%         N/A       100%        7
 Borgnjor's Revivificati  Necr           0%         N/A       100%        8
 Discord                  Hex            0%         N/A       100%        8
 Disjunction              Tloc           0%         N/A       100%        8
 Lehudib's Crystal Spear  Conj/Erth      0%         10d2      100%        8
 Maxwell's Capacitive Co  Air            0%         ∞         100%        8
 Chain Lightning          Conj/Air       0%         N/A       100%        9


Dungeon Overview and Level Annotations

Branches:
Dungeon (15/15)            Temple (1/1) D:6            Lair (5/5) D:10
 Shoals (4/4) Lair:3       Spider (4/4) Lair:2        Slime (5/5) Lair:4
    Orc (2/2) D:10            Elf (0/3) Orc:2        Vaults (4/5) D:13
  Crypt (0/3) Vaults:2     Depths (4/4) D:15            Zot (5/5) Depths:4
Volcano (visited)

Altars:
Ashenzari
Cheibriados
Dithmenos
Elyvilon
Fedhas
Gozag
Hepliaklqana
Kikubaaqudgha
Makhleb
Nemelex Xobeh
Okawaru
Qazlal
Ru
Sif Muna
Trog
Uskayaw
Vehumet
Wu Jian
Xom
Yredelemnul
Zin
The Shining One
Jiyva

Shops:
D:5 *   D:8 (   D:9 [*   D:12 (((   D:14 *   Orc:1 :   Orc:2 ==!:[   Shoals:2 *

Portals:
Hell: Depths:1 Depths:2 Depths:4
Abyss: Depths:3
Pandemonium: Depths:1 Depths:2

Annotations:
Lair:4 Rupert
Shoals:4 Roxanne
Slime:5 Royal Jelly
Zot:3 Rarotz's ghost, legendary DjCj


Innate Abilities, Weirdness & Mutations

You have a pair of horns on your head.
You reflexively headbutt those who attack you in melee.
You have hoof-like feet.
Your mind is acute. (Int +4, Str/Dex -1)
You passively map the area around you.
Your muscles are strong. (Str +4, Int/Dex -1)
Your rubbery body absorbs attacks. (AC +1, EV +1)
Armour fits poorly on your pseudopods.
Your translucent skin slightly reduces your foes' accuracy. (Stealth+)
You are covered in slimy tendrils that may disarm your opponents.
You expend magic power (3 MP) to strengthen your wands.
Your melee attacks may engulf your foes in ooze.


Message History

Your storm dragon tramples the orb of fire!!
The orb of fire holds its ground!
The dread lich touches your tentacled monstrosity.
Your tentacled monstrosity tentacle-slaps the dread lich but does no damage. x3
Your tentacled monstrosity constricts the dread lich.
Okay, then.
You feel yourself speed up.
Your storm dragon looks even sicker.
The dread lich casts a spell.
Your tentacled monstrosity tentacle-slaps the dread lich!
Your tentacled monstrosity tentacle-slaps the dread lich but does no damage. x2
Your tentacled monstrosity constricts the dread lich.
The dread lich touches your tentacled monstrosity but does no damage.
Your storm dragon looks as sick as possible!
Your storm dragon bites the orb of fire.
Your storm dragon claws the orb of fire but does no damage.
Your storm dragon tramples the orb of fire!
The orb of fire is shoved backwards!
Your tentacled monstrosity tentacle-slaps the dread lich. x2
Your tentacled monstrosity tentacle-slaps the dread lich but does no damage.
Your tentacled monstrosity constricts the dread lich.
Your storm dragon bites the orb of fire.
Your storm dragon claws the orb of fire but does no damage.
Your storm dragon tramples the orb of fire!
The orb of fire holds its ground!
The dread lich gestures wildly while chanting.
You closely miss the orb of fire. Your bludgeon misses the orb of fire.
The orb of fire is severely damaged.
Your storm dragon closely misses the orb of fire.
Your storm dragon misses the orb of fire.
Your storm dragon closely misses the orb of fire.
The dread lich gestures wildly while chanting.
You miss the orb of fire. You headbutt the orb of fire!!
Your bludgeon misses the orb of fire.
The orb of fire is severely damaged.
You barely miss the green death.
The orb of fire glows bright magenta.
The bolt of fire hits you!! You resist.
You die...
Xom titters!

,,,,,* ##...........##
*,,,,,,, ,,,,,*
#...........# *,,,,,,,
,,,,,* ##...........##
*,,,,,,, ^,,,**
#.............# **,,,,,,
,,,** ##....○.qd.....#*
**,,,,, ,,**
#...^q.qDq§.....# **,,,,
***▓▓▓▓########L########
▓▓▓#**** #..# #.212X°.<#
#..##### #..# ##.°D@..##
#....... * #..# ##...X*.##
#....... * #..##
##...##### ##..##### *
#...###...## ##...# *
##...#...## ##...## *
##.......## ##...##
*##...#...## ##...## #
##...###...##########...##
## #...##
##..............## ##.


You could see an orb of fire (ally target), a shadow dragon, a green draconian
monk, a black draconian knight (fast, invisible), a dread lich (fast, invisible,
distracted, ally target), an Ice Fiend (summoned), a reaper (summoned), a green
death (summoned), 2 friendly tentacled monstrosities and a friendly storm dragon
(summoned, berserk, extremely poisoned).

Vanquished Creatures
  A dread lich (Zot:5)
  3 ancient liches
  A juggernaut (Zig:5)
  2 shard shrikes (Depths:2)
  Margery (Depths:4)
  A Killer Klown (Zot:4)
  A curse toe (Zot:5)
  8 caustic shrikes
  9 golden dragons
  2 bone dragons
  A hellephant (Zig:7)
  An electric golem (Zot:2)
  2 doom hounds (Depths:4)
  An iron giant (Zig:9)
  12 tentacled monstrosities
  A Brimstone Fiend (Zig:7)
  Zenata (Vaults:1)
  A walking frostbound tome (Depths:1)
  Grunn (Depths:4)
  5 quicksilver dragons
  2 walking crystal tomes
  3 liches
  2 titans (Depths:1)
  A walking earthen tome (Depths:1)
  7 Orb Guardians (Zot:5)
  Mlioglotl (Shoals:4)
  A deep elf master archer (Zig:2)
  3 sphinxes
  2 death cobs
  2 searing wretches (Zig:7)
  Polyphemus (Shoals:4)
  4 tengu reavers
  3 tentacled starspawn
  Kirke (Shoals:4)
  A draconian monk (Zot:1)
  A shadow dragon (Depths:4)
  2 storm dragons
  12 frost giants
  2 iron dragons (Zot:4)
  2 deep elf sorcerers (Zig:10)
  9 fire giants
  Ilsuiw (Shoals:3)
  3 emperor scorpions
  A draconian knight (Zot:4)
  Aizul (Shoals:4)
  2 balrugs (Zig:7)
  6 vault wardens
  An orc warlord (Vaults:4)
  2 draconian scorchers
  3 ghost moths
  3 draconian shifters
  12 ironbound preservers
  2 angels (Depths:3)
  28 stone giants
  A cacodemon (Abyss:2)
  5 very ugly things
  3 draconian annihilators
  4 war gargoyles
  A reaper (Depths:2)
  10 ironbound thunderhulks
  6 broodmothers
  A spriggan defender (Depths:3)
  3 green draconians
  Nessos (Lair:4)
  A black draconian (Zot:1)
  2 pale draconians (Depths:4)
  A bunyip (shapeshifter) (Depths:1)
  2 wendigos (Depths:2)
  2 white draconians (Depths:4)
  4 yellow draconians
  The ghost of KineticRobot the Severer, a journeyman HOMo of Ashenzari (Orc:1)
  8 spark wasps
  An eidolon (Abyss:2)
  5 dire elephants
  5 purple draconians
  Snorg (Lair:4)
  A green death (Zig:6)
  A blizzard demon (Depths:2)
  3 merfolk javelineers
  13 ettins
  A mummy priest (Zig:3)
  7 merfolk impalers
  3 deep elf high priests
  The ghost of sastreii the Protected, a journeyman AtFi of Okawaru (Lair:2)
  3 crystal guardians
  8 fire dragons
  15 yaktaur captains
  2 shambling mangroves (Zig:6)
  8 entropy weavers
  A vault guard (D:13)
  3 rakshasas (Depths:1)
  9 hydras
  3 spriggan air magi
  8 ice dragons
  3 caustic shrike simulacra (Depths:2)
  A hell beast (Depths:2)
  9 centaur warriors
  3 peacekeepers
  A jorogumo (Spider:1)
  12 ironbound frosthearts
  4 radroaches
  2 merfolk avatars
  2 catoblepae
  3 anacondas
  3 satyrs
  22 death yaks
  8 boulder beetles
  2 death scarabs
  3 merfolk aquamancers (Shoals:4)
  2 two-headed ogres
  9 deep troll shamans
  A naga warrior (Zig:4)
  10 tengu warriors
  2 vampire magi (Depths:1)
  A hell hog (Zig:7)
  An orc high priest (Orc:2)
  8 deep troll earth magi
  3 thrashing horrors
  4 spriggan berserkers
  16 hell knights
  2 soul eaters (Depths:1)
  2 naga sharpshooters (Zig:4)
  A large abomination (Abyss:2)
  3 spriggans (Depths:4)
  5 sun demons (Volcano)
  7 pharaoh ants
  A sixfirhy (Depths:2)
  6 iron trolls
  3 sun moths
  A wretched star (Zig:8)
  Sonja (D:10)
  7 skysharks
  A salamander mystic (Depths:4)
  A shadow demon (Depths:1)
  A flayed ghost (Depths:2)
  A goliath frog (Zig:6)
  10 sea snakes
  A sphinx zombie (Depths:1)
  56 deep trolls
  8 orb spiders
  2 orange crystal statues (Depths:2)
  4 swamp dragons
  3 wizards
  Pikel (D:9)
  12 necromancers
  A tengu zombie (Depths:1)
  3 steelbarb worms
  16 ironbound convokers
  7 lindwurms
  3 orc knights
  A phantasmal warrior (Vaults:4)
  6 orc sorcerers
  A will-o-the-wisp (Zig:8)
  16 harpies
  2 oklob plants (Lair:2)
  4 salamanders
  11 fauns
  21 wolf spiders
  2 cyclopes
  7 manticores
  10 moths of wrath
  15 ugly things
  10 merfolk sirens
  A tengu skeleton (Vaults:2)
  Joseph (D:9)
  6 water nymphs
  9 elephants
  13 vault sentinels
  8 demonic crawlers
  A water nymph (shapeshifter) (D:8)
  3 black mambas
  Maurice (D:11)
  A frost giant skeleton (Depths:1)
  2 rust devils (Depths:1)
  10 torpor snails
  2 guardian serpents
  5 cane toads
  2 gargoyles
  7 smoke demons
  3 orange demons
  Psyche (D:10)
  3 yaktaur zombies (Vaults:2)
  3 rime drakes
  3 unseen horrors
  An unseen horror (shapeshifter) (D:14)
  31 yaktaurs
  A freezing wraith (D:13)
  A kobold demonologist (D:11)
  8 komodo dragons
  2 tengu conjurers
  9 trolls
  2 golden dragon simulacra (Depths:2)
  2 red devils (Depths:1)
  2 ancient zymes (Abyss:2)
  4 guardian mummies
  28 merfolk
  6 meliai
  9 hornets
  A wind drake (shapeshifter) (D:14)
  4 polar bears (Lair:5)
  28 tarantellas
  A wolf spider simulacrum (D:14)
  A queen bee (Spider:3)
  5 wind drakes
  24 blink frogs
  5 dream sheep
  14 snapping turtles
  38 jumping spiders
  21 water elementals
  7 culicivoras
  A shadow (D:13)
  16 humans (D:13)
  4 wyverns
  3 wraiths
  2 ynoxinuls
  3 hogs (Shoals:4)
  44 yaks
  4 basilisks
  17 vampire mosquitoes
  37 redbacks
  6 wargs
  8 steam dragons
  2 hell hounds (Volcano)
  15 water moccasins
  3 acid dragons
  27 orc warriors
  A black bear (Lair:2)
  A sky beast (D:8)
  2 spriggan simulacra (Depths:2)
  8 centaurs
  9 ogres
  9 wolves
  A boggart (Vaults:3)
  2 phantoms (D:7)
  3 kobold brigands
  2 human zombies (Vaults:2)
  8 bullfrogs
  A gnoll sergeant (D:8)
  4 scorpions
  A human simulacrum (Vaults:2)
  An ogre simulacrum (Vaults:2)
  2 small abominations (Abyss:2)
  4 earth elementals (Zig:9)
  13 wights
  21 killer bees
  2 electric eels (D:13)
  2 howler monkeys
  A gnoll bouda (D:5)
  2 hounds
  28 orc priests
  17 starcursed masses
  Jessica (D:3)
  Ijyb (D:3)
  4 iguanas
  38 orc wizards
  4 mummies (Zig:3)
  15 gnolls
  10 adders
  A shadow imp (D:6)
  2 white imps
  2 ufetubi
  4 worms
  4 dart slugs
  75 orcs
  8 ball pythons
  3 endoplasms
  A giant cockroach (D:1)
  7 goblins
  7 hobgoblins
  2 jackals (D:2)
  16 kobolds
  5 quokkas
  8 bats
  4 frilled lizards
  A rat (D:1)
  A spectral orc (D:3)
  2 starspawn tentacles
1654 creatures vanquished.

Vanquished Creatures (collateral kills)
  2 Orb Guardians (Zot:5)
  A tengu warrior (Depths:1)
  A water elemental (Depths:1)
  An ogre (D:4)
  A bullfrog (Lair:4)
6 creatures vanquished.

Vanquished Creatures (others)
  The ghost of Odghynix the Wrestler, a master TrAr of Okawaru (Zot:1)
  An acid blob (Zot:1)
  A sphinx (Vaults:4)
  An azure jelly (Zot:5)
  A quicksilver ooze (shapeshifter) (Depths:3)
  A broodmother (Spider:4)
  An ettin (Depths:1)
  A merfolk impaler (Shoals:4)
  4 great orbs of eyes (Vaults:4)
  A yaktaur captain (Vaults:1)
  A caustic shrike simulacrum (Depths:2)
  A boulder beetle (Vaults:1)
  A deep troll (Vaults:3)
  2 glowing orange brains
  A wolf spider (shapeshifter) (Vaults:4)
  A merfolk siren (Shoals:4)
  A kobold demonologist (D:11)
  A rime drake (shapeshifter) (D:15)
  A yaktaur (Vaults:1)
  A floating eye (Depths:1)
  12 slime creatures
  A hog (Shoals:4)
  4 humans
  2 kobold brigands (D:11)
  A human zombie (Vaults:2)
  133 jellies
  3 orcs
  3 kobolds
  3 foxfires (Zig:8)
  29 fungi
  197 plants
  4 starspawn tentacles
  2 withered plants (Lair:2)
418 creatures vanquished.

Grand Total: 2078 creatures vanquished

Notes
Turn   | Place    | Note
-------+----------+-------------------------------------------
     0 | D:1      | jt the Minotaur Chaos Knight began the quest for the Orb.
     0 | D:1      | Reached XP level 1. HP: 19/19 MP: 0/0
   156 | D:1      | XOM: silly message
   249 | D:1      | XOM: give mutations
   249 | D:1      | Gained mutation: You sometimes lose your temper in combat.
                  | [Xom's mischief]
   249 | D:1      | Gained mutation: You expend magic power (3 MP) to
                  | strengthen your wands. [Xom's mischief]
   249 | D:1      | Gained mutation: You have large cloven feet. [Xom's
                  | mischief]
   262 | D:1      | Reached XP level 2. HP: 27/27 MP: 1/1
   353 | D:1      | XOM is BORED!
   353 | D:1      | XOM: give mutations
   353 | D:1      | Gained mutation: You are partially covered in iridescent
                  | scales. (AC +2) [Xom's mischief]
   353 | D:1      | Lost mutation: You sometimes lose your temper in combat.
                  | [Xom's mischief]
   780 | D:1      | Reached XP level 3. HP: 32/33 MP: 2/2
   820 | D:2      | Found a blossoming altar of Fedhas.
   985 | D:2      | XOM: 4-stop teleportation journey
   988 | D:2      | XOM: 1-stop teleportation journey
   990 | D:2      | Reached skill level 1 in Stealth
  1060 | D:2      | You fall into a shaft and drop 2 floors!
  1060 | D:4      | XOM: stealth player
  1088 | D:4      | Found an opulent altar of Gozag.
  1192 | D:2      | Reached XP level 4. HP: 35/40 MP: 3/3
  1425 | D:2      | XOM: silly message
  1726 | D:3      | Found a radiant altar of Vehumet.
  1727 | D:3      | XOM: 3-stop teleportation journey
  1764 | D:3      | Found a faded altar of an unknown god.
  1835 | D:3      | Noticed Jessica
  1840 | D:3      | Reached skill level 5 in Axes
  1843 | D:3      | Killed Jessica
  1844 | D:3      | Reached XP level 5. HP: 36/47 MP: 4/4
  1889 | D:3      | Identified the +1 leather armour "Joof" {Will+ Str+3}
  2046 | D:3      | Found a basalt altar of Yredelemnul.
  2146 | D:3      | Noticed Ijyb
  2154 | D:3      | Killed Ijyb
  2259 | D:4      | Found a burning altar of Makhleb.
  2458 | D:4      | Noticed an ogre
  2460 | D:4      | XOM: divination: magic mapping
  2495 | D:4      | XOM: silly message
  2525 | D:4      | XOM: potion effect (haste)
  2539 | D:4      | XOM: summons friendly shadow imp
  2544 | D:4      | XOM: swap monsters
  2548 | D:4      | Killed an ogre
  2549 | D:4      | Reached XP level 6. HP: 55/55 MP: 5/5
  2650 | D:4      | XOM: give mutations
  2650 | D:4      | Lost mutation: You are partially covered in iridescent
                  | scales. (AC +2) [Xom's mischief]
  2650 | D:4      | Gained mutation: You are frail. (-10% HP) [Xom's mischief]
  2671 | D:4      | XOM: summons 3 hostile shadow creatures
  2709 | D:4      | Reached skill level 5 in Fighting
  2791 | D:5      | Entered Level 5 of the Dungeon
  2798 | D:4      | Reached skill level 1 in Throwing
  2834 | D:5      | Found a stormy altar of Qazlal.
  2843 | D:5      | Identified a scroll of acquirement
  2843 | D:5      | Acquired the +2 pair of boots "Butintol" {+Inv rElec rC-}
  2865 | D:5      | Noticed a wyvern
  2997 | D:4      | XOM: give mutations
  2997 | D:4      | Gained mutation: Your muscles are strong. (Str +4, Int/Dex
                  | -1) [Xom's grace]
  2997 | D:4      | Gained mutation: You are somewhat resistant to further
                  | mutation. [Xom's grace]
  2997 | D:4      | Gained mutation: You have a pair of large horns on your
                  | head. [Xom's grace]
  2997 | D:4      | Gained mutation: You passively dampen the noise of your
                  | surroundings. [Xom's grace]
  3052 | D:5      | Reached XP level 7. HP: 39/54 MP: 6/6
  3256 | D:5      | XOM: swap monsters
  3286 | D:5      | Lost mutation: You have large cloven feet. [potion of
                  | mutation]
  3286 | D:5      | Lost mutation: You are frail. (-10% HP) [potion of
                  | mutation]
  3286 | D:5      | Gained mutation: You passively map a small area around you.
                  | [potion of mutation]
  3300 | D:5      | Killed a wyvern
  3426 | D:5      | XOM: scenery: summon butterflies
  3427 | D:5      | Found a shimmering blue altar of Sif Muna.
  3434 | D:5      | Found Lumoxt's Assorted Antiques.
  3442 | D:5      | Bought a scroll labelled ZAZEPIN YPLYWI for 28 gold pieces
  3442 | D:5      | Bought a purple potion for 25 gold pieces
  3442 | D:5      | Bought a cloak for 126 gold pieces
  3709 | D:5      | XOM: god gift: 43 gold pieces
  4114 | D:6      | Reached XP level 8. HP: 69/71 MP: 7/7
  4206 | D:6      | XOM: scenery: create altars
  4615 | D:6      | Found a staircase to the Ecumenical Temple.
  4621 | Temple   | Entered the Ecumenical Temple
  4706 | Temple   | XOM: 2-stop teleportation journey
  5108 | D:7      | Reached skill level 10 in Axes
  5388 | D:7      | Reached XP level 9. HP: 82/82 MP: 8/8
  5750 | D:7      | XOM: scenery: create altars
  6004 | D:8      | XOM: polymorph water moccasin -> shapeshifter
  6004 | D:8      | a shapeshifter changed into a cane toad
  6004 | D:8      | Noticed a cane toad (shapeshifter)
  6009 | D:8      | a cane toad changed into a shapeshifter
  6009 | D:8      | XOM: summons 2 friendly demons
  6009 | D:8      | a shapeshifter changed into a troll
  6009 | D:8      | Noticed a troll (shapeshifter)
  6010 | D:8      | a troll changed into a shapeshifter
  6032 | D:8      | Noticed a water nymph
  6037 | D:8      | Killed a water nymph
  6214 | D:8      | XOM: snakes to sticks
  6215 | D:8      | Found Lol Ewuh's Weapon Shop.
  6232 | D:8      | Noticed a two-headed ogre
  6398 | D:8      | Reached skill level 1 in Evocations
  6710 | D:8      | Reached skill level 1 in Shields
  6715 | D:8      | Reached skill level 7 in Shields
  6715 | D:8      | Reached skill level 5 in Evocations
  6715 | D:8      | Reached XP level 10. HP: 81/91 MP: 9/9
  6734 | D:8      | Killed a two-headed ogre
  6735 | D:8      | Reached skill level 8 in Shields
  6907 | D:8      | XOM: 2-stop teleportation journey
  7011 | D:8      | Identified the +6 war axe "Zoat" {elec, +Blink rC+ Str+6}
  7153 | D:9      | Found Qaonaly's Antique Armour Shoppe.
  7156 | D:9      | Noticed Joseph
  7176 | D:9      | XOM: enchant monster (good)
  7177 | D:9      | Killed Joseph
  7265 | D:9      | Found a large runed translucent door.
  7266 | D:9      | Found a large runed translucent door.
  7298 | D:9      | XOM: cleaving
  7299 | D:9      | XOM: confuse monster(s)
  7310 | D:9      | Reached skill level 15 in Axes
  7310 | D:9      | a yak changed into a guardian serpent
  7310 | D:9      | Noticed a guardian serpent
  7310 | D:9      | XOM: polymorph yak -> guardian serpent
  7311 | D:9      | XOM: cast spell 'Leda's Liquefaction'
  7314 | D:9      | Killed a guardian serpent
  7315 | D:9      | Reached XP level 11. HP: 66/97 MP: 10/10
  7459 | D:9      | XOM: scenery: summon butterflies
  7530 | D:9      | Noticed Pikel
  7533 | D:9      | XOM: summons 4 friendly demons
  7536 | D:9      | XOM: scenery: 1 doors open
  7537 | D:9      | Killed Pikel
  7579 | D:9      | Found Rokkuuxa's Assorted Antiques.
  7584 | D:9      | Bought a scroll labelled IKEGIG NYPIEHAXAO for 32 gold
                  | pieces
  7584 | D:9      | Bought a gold wand for 128 gold pieces
  7586 | D:9      | XOM: give mutations
  7586 | D:9      | Gained mutation: You are agile. (Dex +4, Str/Int -1) [Xom's
                  | grace]
  7586 | D:9      | Gained mutation: Your spells are a little harder to cast,
                  | but a little more powerful. [Xom's grace]
  7586 | D:9      | Gained mutation: You are resistant to electric shocks.
                  | (rElec) [Xom's grace]
  7784 | D:9      | Identified the +3 dagger of Contention {flame, Str-5 Int+7
                  | Dex+4}
  7851 | D:9      | Found an iron altar of Okawaru.
  7851 | D:9      | Found a shadowy altar of Dithmenos.
  8068 | D:9      | Found a broken altar of Ashenzari.
  8080 | D:9      | Found a hide-covered altar of Uskayaw.
  8126 | D:10     | Entered Level 10 of the Dungeon
  8144 | D:10     | Noticed Sonja
  8146 | D:10     | Killed Sonja
  8147 | D:10     | Reached skill level 5 in Armour
  8263 | D:10     | Reached skill level 10 in Fighting
  8273 | D:10     | XOM: polymorph yak -> something unseen
  8359 | D:10     | XOM: noise
  8374 | D:10     | XOM: enchant monster (bad)
  8634 | D:10     | Found a staircase to the Lair.
  8640 | D:10     | XOM: blink monster(s)
  8700 | D:10     | Found a sacrificial altar of Ru.
  8792 | D:10     | Noticed Psyche
  8801 | D:10     | Killed Psyche
  8924 | D:10     | XOM: smoke on damage
  9168 | D:10     | Found a staircase to the Orcish Mines.
  9386 | D:10     | Found a sparkling altar of Nemelex Xobeh.
  9469 | D:10     | XOM: noise
  9597 | Lair:1   | Entered Level 1 of the Lair of Beasts
  9617 | Lair:1   | Got the Essays on the Icy Morgue
  9629 | Lair:1   | XOM: blink monster(s)
  9635 | Lair:1   | Identified the +8 flail "Ruolesil" {pain, rPois MP+9}
  9807 | Lair:1   | XOM: polymorph yak -> unseen horror
  9818 | Lair:1   | Reached XP level 12. HP: 103/111 MP: 11/11
  9918 | Lair:1   | XOM: 2-stop teleportation journey
 10650 | Lair:2   | XOM: cast spell 'Statue Form'
 10714 | Lair:2   | XOM: god gift: +0 pair of boots of flying
 10828 | Lair:2   | XOM: 2-stop teleportation journey
 10977 | Lair:2   | Found a runed translucent door.
 10977 | Lair:2   | Noticed sastreii's ghost (journeyman AtFi)
 11078 | Lair:2   | XOM: scenery: 1 doors open
 11096 | Lair:2   | XOM: god gift: wand of digging (5)
 11126 | Lair:2   | Reached skill level 10 in Armour
 11129 | Lair:2   | Found a hole to the Spider Nest.
 11352 | Lair:2   | XOM: divination: detect creatures
 11431 | Lair:3   | XOM: fog
 11449 | Lair:3   | XOM: potion effect (heal wounds)
 11525 | Lair:3   | Found a dark tunnel.
 11541 | Lair:3   | Noticed a four-headed hydra
 11597 | Volcano  | Entered a volcano
 11843 | Volcano  | XOM: god gift: potion of mutation
 11852 | Volcano  | XOM: smoke on damage
 11859 | Volcano  | XOM: give mutations
 11859 | Volcano  | Gained mutation: You have large cloven feet. [Xom's grace]
 11859 | Volcano  | Gained mutation: Your system is resistant to poisons.
                  | (rPois) [Xom's grace]
 11867 | Volcano  | XOM: scenery: create altars
 12059 | Volcano  | XOM: torment (60/117 hp)
 12088 | Volcano  | Reached XP level 13. HP: 72/125 MP: 9/12
 12243 | Volcano  | Noticed a fire dragon
 12249 | Volcano  | Killed a fire dragon
 12331 | Volcano  | Reached skill level 9 in Shields
 12331 | Volcano  | Reached XP level 14. HP: 133/133 MP: 13/13
 12332 | Volcano  | Reached skill level 15 in Fighting
 12332 | Volcano  | Reached skill level 10 in Shields
 12332 | Volcano  | Reached XP level 15. HP: 141/141 MP: 14/14
 12487 | Lair:3   | XOM: 2-stop teleportation journey
 12769 | Lair:3   | Found a staircase to the Shoals.
 13018 | Lair:3   | XOM: god gift: arbalest {god gift}
 13092 | Lair:3   | XOM: summons friendly ufetubus
 13186 | Lair:4   | Found a staircase to the Slime Pits.
 13186 | Lair:4   | Found a viscous altar of Jiyva.
 13190 | Lair:3   | XOM: give mutations
 13190 | Lair:3   | Lost mutation: You are somewhat resistant to further
                  | mutation. [Xom's mischief]
 13190 | Lair:3   | Gained mutation: You occasionally lose the ability to drink
                  | potions when taking damage. [Xom's mischief]
 13190 | Lair:3   | Lost mutation: You passively dampen the noise of your
                  | surroundings. [Xom's mischief]
 13303 | Lair:4   | XOM: god gift: robe {god gift}
 13317 | Lair:4   | Noticed Snorg
 13317 | Lair:4   | XOM: 4-stop teleportation journey
 13333 | Lair:4   | XOM: summons friendly shadow imp
 13338 | Lair:4   | XOM: enchant monster (good)
 13428 | Lair:4   | XOM: 1-stop teleportation journey
 13555 | Lair:4   | Noticed Rupert
 13562 | Lair:4   | Reached skill level 15 in Armour
 13583 | Lair:4   | Killed Snorg
 13716 | Lair:5   | Entered Level 5 of the Lair of Beasts
 13754 | Lair:5   | XOM: cleaving
 13847 | Lair:5   | Identified the +8 mace of Premature Burial {freeze, Fly
                  | rElec Str-2 Int+7}
 13870 | Lair:5   | XOM: chaos cloud
 13885 | Lair:5   | XOM: confusion
 13899 | Lair:5   | XOM: swap monsters
 13904 | Lair:5   | XOM: 2-stop teleportation journey
 14008 | Lair:5   | XOM: god gift: scarf of resistance
 14013 | Lair:5   | XOM: god gift: 6 stones
 14017 | Lair:5   | XOM: silly message
 14099 | Lair:5   | XOM: summons 8 hostile demons
 14157 | Lair:5   | XOM: silly message
 14166 | Lair:5   | XOM: give mutation
 14166 | Lair:5   | Lost mutation: You expend magic power (3 MP) to strengthen
                  | your wands. [Xom's mischief]
 14552 | Lair:5   | XOM: swap monsters
 14612 | Lair:5   | XOM: give mutations
 14612 | Lair:5   | Lost mutation: Your spells are a little harder to cast, but
                  | a little more powerful. [Xom's mischief]
 14612 | Lair:5   | Gained mutation: Your body sometimes deteriorates upon
                  | taking damage. [Xom's mischief]
 14659 | Lair:5   | XOM: draining
 14973 | Lair:4   | XOM: polymorph elephant -> salamander
 15057 | Lair:4   | Noticed Nessos
 15065 | Lair:4   | Killed Nessos
 15368 | Lair:4   | XOM: confusion
 15372 | Lair:4   | XOM: torment (72/141 hp)
 15778 | Lair:4   | XOM: summons 8 hostile demons
 16048 | Lair:2   | Reached XP level 16. HP: 127/149 MP: 15/15
 16261 | Lair:2   | XOM: give mutations
 16261 | Lair:2   | Lost mutation: You occasionally lose the ability to drink
                  | potions when taking damage. [Xom's mischief]
 16261 | Lair:2   | Gained mutation: You possess an exceptional clarity of
                  | mind. [Xom's mischief]
 16261 | Lair:2   | Gained mutation: Your spells are a little harder to cast,
                  | but a little more powerful. [Xom's mischief]
 16319 | Lair:2   | Killed sastreii's ghost
 16456 | Orc:1    | Entered Level 1 of the Orcish Mines
 16484 | Orc:1    | XOM: chaos upgrade
 16615 | Orc:1    | XOM: god gift: ancient great mace {god gift}
 16615 | Orc:1    | Identified the +0 great mace of the Candelabrum {chaos,
                  | *Rage *Noise rElec rPois} (Xom gifted it to you on level 1
                  | of the Orcish Mines)
 16878 | Orc:1    | Found a runed translucent gate.
 16878 | Orc:1    | Found a runed translucent gate.
 16879 | Orc:1    | Found a runed translucent gate.
 16884 | Orc:1    | Noticed KineticRobot's ghost (journeyman HOMo)
 16930 | Orc:1    | XOM: summons 2 hostile shadow creatures
 16969 | Orc:1    | Found Duilar's Book Shop.
 17241 | Orc:1    | Killed KineticRobot's ghost
 17321 | Orc:1    | XOM: silly message
 17399 | Orc:2    | Entered Level 2 of the Orcish Mines
 17423 | Orc:2    | Found Lyhot's Jewellery Shop.
 17483 | Orc:2    | Found a staircase to the Elven Halls.
 17570 | Orc:2    | XOM: divination: detect creatures
 17571 | Orc:2    | Paralysed by an orc sorcerer for 3 turns
 17591 | Orc:2    | XOM: silly message
 17654 | Orc:2    | XOM: silly message
 17990 | Orc:2    | Found Zaicu's Jewellery Boutique.
 17990 | Orc:2    | Found Reucwemu's Book Shop.
 17991 | Orc:2    | Found Ruas's Armour Shop.
 17994 | Orc:2    | Found Kiol's Distillery.
 17998 | Orc:2    | Bought a potion of heal wounds for 70 gold pieces
 17998 | Orc:2    | Bought a potion of heal wounds for 70 gold pieces
 18260 | Orc:2    | XOM: 6-stop teleportation journey
 18594 | Orc:2    | Bought a +0 kite shield for 54 gold pieces
 18652 | Orc:1    | XOM: give mutation
 18652 | Orc:1    | Gained mutation: You are partially covered in iridescent
                  | scales. (AC +2) [Xom's mischief]
 18756 | Lair:4   | Fell from the grace of Xom
 18756 | Lair:4   | Became a worshipper of Jiyva Jatuim the Shapeless
 19034 | D:11     | XOM: stat loss: -2 Dex (13/15)
 19184 | D:11     | Noticed Maurice
 19195 | D:11     | Killed Maurice
 19239 | D:11     | Reached * piety under Jiyva
 20039 | D:12     | Found an ornate altar of the Wu Jian Council.
 20067 | D:12     | Reached ** piety under Jiyva
 20115 | D:12     | Found Icveyt's Weapon Emporium.
 20147 | D:12     | Found Qunoklodd's Weapon Emporium.
 20271 | D:12     | Reached *** piety under Jiyva
 20420 | D:12     | Found Banil's Antique Weapon Emporium.
 20635 | D:13     | Lost mutation: You are agile. (Dex +4, Str/Int -1) [Jiyva's
                  | grace]
 20635 | D:13     | Lost mutation: Your body sometimes deteriorates upon taking
                  | damage. [Jiyva's grace]
 20635 | D:13     | Lost mutation: Your muscles are strong. (Str +4, Int/Dex
                  | -1) [Jiyva's grace]
 20635 | D:13     | Gained mutation: Your spells are harder to cast, but more
                  | powerful. [Jiyva's grace]
 20635 | D:13     | Gained mutation: Your spells are much harder to cast, but
                  | much more powerful. [Jiyva's grace]
 20635 | D:13     | Gained mutation: Your body has grown eyes which may confuse
                  | attackers. (Acc +3) [Jiyva's grace]
 20635 | D:13     | Gained mutation: Your body has grown many eyes which may
                  | confuse attackers. (Acc +5) [Jiyva's grace]
 20736 | D:13     | XOM: divination: magic mapping
 20842 | D:13     | Reached **** piety under Jiyva
 20974 | D:13     | Identified the +12 mace of Cazapot {flame, Contam rC+ MP+9
                  | SInv}
 21067 | D:13     | Reached skill level 11 in Shields
 21141 | D:13     | Found a gate to the Vaults.
 21581 | Slime:1  | Entered Level 1 of the Pits of Slime
 21594 | Slime:2  | Noticed an acid blob
 21660 | Slime:5  | Entered Level 5 of the Pits of Slime
 21680 | Slime:5  | Noticed an acid blob
 21688 | Slime:5  | Noticed the Royal Jelly
 21690 | Slime:5  | Noticed an acid blob
 21718 | Slime:5  | Found a viscous altar of Jiyva.
 21722 | Slime:5  | Found the +0 mask of the Dragon {Will+ Slay+3 SInv}
 21899 | Slime:2  | Noticed an acid blob
 22143 | Shoals:1 | Entered Level 1 of the Shoals
 22156 | Shoals:1 | XOM: noise
 22178 | Shoals:1 | XOM: noise
 22356 | Shoals:2 | XOM: noise
 22501 | Shoals:1 | Reached ***** piety under Jiyva
 22535 | Shoals:2 | Found Rosiwnots's Overcharged Wands.
 22600 | Shoals:2 | Reached skill level 12 in Shields
 22673 | Shoals:2 | Lost mutation: Your spells are much harder to cast, but
                  | much more powerful. [Jiyva's grace]
 22673 | Shoals:2 | Lost mutation: Your body has grown many eyes which may
                  | confuse attackers. (Acc +5) [Jiyva's grace]
 22673 | Shoals:2 | Gained mutation: You are robust. (+10% HP) [Jiyva's grace]
 22673 | Shoals:2 | Gained mutation: You are very robust. (+20% HP) [Jiyva's
                  | grace]
 22673 | Shoals:2 | Gained mutation: You are extremely robust. (+30% HP)
                  | [Jiyva's grace]
 22673 | Shoals:2 | Gained mutation: Your muscles are strong. (Str +4, Int/Dex
                  | -1) [Jiyva's grace]
 22901 | Shoals:3 | Noticed Ilsuiw
 23167 | Shoals:3 | XOM: noise
 23210 | Shoals:4 | Entered Level 4 of the Shoals
 23218 | Shoals:4 | Reached XP level 17. HP: 221/221 MP: 16/16
 23368 | Shoals:4 | Noticed Kirke
 23377 | Shoals:4 | Killed Kirke
 23399 | Shoals:4 | Reached skill level 13 in Shields
 23450 | Shoals:4 | Noticed Mlioglotl
 23460 | Shoals:4 | Killed Mlioglotl
 23492 | Shoals:4 | Identified the staff of death "Ilukot" {+Blink rC- rN+
                  | rCorr Str-5}
 23504 | Shoals:4 | Noticed Polyphemus
 23522 | Shoals:4 | Killed Polyphemus
 23626 | Shoals:4 | Noticed Aizul
 23635 | Shoals:4 | XOM: blink monster(s)
 23641 | Shoals:4 | Killed Aizul
 23903 | Shoals:4 | Reached ****** piety under Jiyva
 23930 | Shoals:4 | Identified Roxanne's Secrets of Cleavage
 23930 | Shoals:4 | Noticed Roxanne
 24325 | Shoals:4 | Got a barnacled rune of Zot
 24686 | Shoals:3 | Killed Ilsuiw
 24832 | Shoals:1 | Lost mutation: You are extremely robust. (+30% HP) [Jiyva's
                  | grace]
 24832 | Shoals:1 | Lost mutation: You are resistant to electric shocks.
                  | (rElec) [Jiyva's grace]
 24832 | Shoals:1 | Lost mutation: Your spells are harder to cast, but more
                  | powerful. [Jiyva's grace]
 24832 | Shoals:1 | Lost mutation: Your body has grown eyes which may confuse
                  | attackers. (Acc +3) [Jiyva's grace]
 24832 | Shoals:1 | Gained mutation: You have supernaturally acute eyesight.
                  | (SInv) [Jiyva's grace]
 24832 | Shoals:1 | Gained mutation: You have a small jelly attached to you
                  | that senses nearby items. [Jiyva's grace]
 24832 | Shoals:1 | Gained mutation: Armour fits poorly on your pseudopods.
                  | [Jiyva's grace]
 24832 | Shoals:1 | Gained mutation: Armour fits poorly on your large
                  | pseudopods. [Jiyva's grace]
 24866 | Shoals:1 | Reached skill level 14 in Shields
 24985 | Slime:2  | Noticed an acid blob
 25056 | Slime:5  | Identified the +1 mace "Saekodghi" {venom, Int-2 Dex+4
                  | SInv}
 25074 | Slime:5  | Got a slimy rune of Zot
 25110 | Slime:5  | Identified the ring "Xoaliwao" {rElec rPois Str+6}
 25115 | Slime:5  | Identified the +2 helmet of Ennui {rCorr}
 25140 | Slime:5  | Identified the staff of earth "Kuxuat" {Dex+2}
 25142 | Slime:5  | XOM: noise
 25156 | Slime:5  | Noticed an acid blob
 25289 | D:10     | XOM: give mutations
 25289 | D:10     | Gained mutation: Your muscles are very strong. (Str +8,
                  | Int/Dex -2) [Xom's mischief]
 25289 | D:10     | Lost mutation: You possess an exceptional clarity of mind.
                  | [Xom's mischief]
 25380 | Vaults:1 | Entered Level 1 of the Vaults
 25767 | Vaults:1 | XOM: summons 1 hostile demon
 26108 | Vaults:1 | XOM: summons 4 hostile shadow creatures
 26356 | Vaults:1 | Noticed Zenata
 26378 | Vaults:1 | Killed Zenata
 26528 | Vaults:2 | XOM: noise
 26546 | Vaults:2 | Reached XP level 18. HP: 218/218 MP: 17/17
 26551 | Vaults:2 | Reached skill level 10 in Evocations
 26763 | Vaults:2 | XOM: 1-stop teleportation journey
 26789 | Vaults:2 | Lost mutation: You have supernaturally acute eyesight.
                  | (SInv) [Jiyva's grace]
 26789 | Vaults:2 | Lost mutation: Your muscles are very strong. (Str +8,
                  | Int/Dex -2) [Jiyva's grace]
 26789 | Vaults:2 | Lost mutation: Armour fits poorly on your large pseudopods.
                  | [Jiyva's grace]
 26789 | Vaults:2 | Gained mutation: Your melee attacks may engulf your foes in
                  | ooze. [Jiyva's grace]
 26789 | Vaults:2 | Gained mutation: Your rubbery body absorbs attacks. (AC +1,
                  | EV +1) [Jiyva's grace]
 26789 | Vaults:2 | Gained mutation: Your pliable body absorbs attacks. (AC +2,
                  | EV +2) [Jiyva's grace]
 26789 | Vaults:2 | Gained mutation: Your gelatinous body deflects attacks. (AC
                  | +3, EV +3) [Jiyva's grace]
 26916 | Vaults:2 | Reached skill level 15 in Shields
 27195 | Vaults:2 | Found a basalt altar of Yredelemnul.
 27199 | Vaults:2 | Found a staircase to the Crypt.
 27200 | Vaults:2 | Found an ancient bone altar of Kikubaaqudgha.
 27524 | Vaults:2 | XOM: summons 3 hostile demons
 27681 | Vaults:3 | XOM: stat loss: -2 Int (6/8)
 28273 | Vaults:3 | Lost mutation: You have large cloven feet. [Jiyva's grace]
 28273 | Vaults:3 | Lost mutation: Your system is resistant to poisons. (rPois)
                  | [Jiyva's grace]
 28273 | Vaults:3 | Lost mutation: You are very robust. (+20% HP) [Jiyva's
                  | grace]
 28273 | Vaults:3 | Lost mutation: Armour fits poorly on your pseudopods.
                  | [Jiyva's grace]
 28273 | Vaults:3 | Gained mutation: You have sharp toenails. [Jiyva's grace]
 28273 | Vaults:3 | Gained mutation: You have razor-sharp toenails. [Jiyva's
                  | grace]
 28273 | Vaults:3 | Gained mutation: You have claws for feet. [Jiyva's grace]
 28273 | Vaults:3 | Gained mutation: Armour fits poorly on your pseudopods.
                  | [Jiyva's grace]
 28752 | Vaults:4 | Reached skill level 16 in Shields
 29043 | Vaults:4 | Reached XP level 19. HP: 210/210 MP: 18/18
 29350 | Vaults:4 | Reached skill level 17 in Shields
 29631 | Vaults:3 | XOM: give mutations
 29631 | Vaults:3 | Lost mutation: You have a pair of large horns on your head.
                  | [Xom's mischief]
 29631 | Vaults:3 | Gained mutation: You have sharp fingernails. [Xom's
                  | mischief]
 29631 | Vaults:3 | Lost mutation: You have a small jelly attached to you that
                  | senses nearby items. [Xom's mischief]
 29687 | Vaults:4 | XOM: noise
 30205 | Vaults:1 | XOM: stat loss: -1 Dex (10/11)
 30234 | D:13     | XOM: give mutations
 30234 | D:13     | Lost mutation: You passively map a small area around you.
                  | [Xom's mischief]
 30234 | D:13     | Lost mutation: You are robust. (+10% HP) [Xom's mischief]
 30266 | D:13     | Was forgiven by Xom
 30358 | Spider:1 | Entered Level 1 of the Spider Nest
 30652 | Spider:1 | Reached skill level 18 in Shields
 30786 | Spider:2 | Acquired 869 gold pieces
 30893 | Spider:2 | Lost mutation: You have claws for feet. [Jiyva's grace]
 30893 | Spider:2 | Lost mutation: Your muscles are strong. (Str +4, Int/Dex
                  | -1) [Jiyva's grace]
 30893 | Spider:2 | Lost mutation: Your gelatinous body deflects attacks. (AC
                  | +3, EV +3) [Jiyva's grace]
 30893 | Spider:2 | Gained mutation: Your muscles are strong. (Str +4, Int/Dex
                  | -1) [Jiyva's grace]
 30893 | Spider:2 | Gained mutation: Your muscles are very strong. (Str +8,
                  | Int/Dex -2) [Jiyva's grace]
 30893 | Spider:2 | Gained mutation: You passively dampen the noise of your
                  | surroundings. [Jiyva's grace]
 30893 | Spider:2 | Gained mutation: Your spells are harder to cast, but more
                  | powerful. [Jiyva's grace]
 31514 | Orc:2    | Bought a ring of positive energy for 320 gold pieces
 31893 | Spider:3 | Acquired the +1 broad axe of the Tomato {holy, rN+ rCorr
                  | Str+3}
 32360 | Spider:4 | Entered Level 4 of the Spider Nest
 32601 | Spider:4 | Reached XP level 20. HP: 193/200 MP: 19/19
 32712 | Spider:4 | Identified the +7 short sword "Jiylioh" {heavy, rC- Int+8}
 32925 | Spider:4 | Got a gossamer rune of Zot
 32951 | Spider:4 | Reached skill level 19 in Shields
 33424 | D:14     | Lost mutation: You have sharp fingernails. [Jiyva's grace]
 33424 | D:14     | Lost mutation: You have razor-sharp toenails. [Jiyva's
                  | grace]
 33424 | D:14     | Lost mutation: You are partially covered in iridescent
                  | scales. (AC +2) [Jiyva's grace]
 33424 | D:14     | Lost mutation: Your muscles are very strong. (Str +8,
                  | Int/Dex -2) [Jiyva's grace]
 33424 | D:14     | Lost mutation: Your muscles are strong. (Str +4, Int/Dex
                  | -1) [Jiyva's grace]
 33424 | D:14     | Lost mutation: Your spells are harder to cast, but more
                  | powerful. [Jiyva's grace]
 33424 | D:14     | Lost mutation: You passively dampen the noise of your
                  | surroundings. [Jiyva's grace]
 33424 | D:14     | Gained mutation: You passively map a small area around you.
                  | [Jiyva's grace]
 33424 | D:14     | Gained mutation: You passively map the area around you.
                  | [Jiyva's grace]
 33424 | D:14     | Gained mutation: You passively map a large area around you.
                  | [Jiyva's grace]
 33424 | D:14     | Gained mutation: You are resistant to electric shocks.
                  | (rElec) [Jiyva's grace]
 33701 | D:14     | Found Voydas's Demolitions Depot.
 34011 | D:15     | Entered Level 15 of the Dungeon
 34158 | D:15     | Reached skill level 20 in Shields
 34584 | D:15     | Found a staircase to the Depths.
 34606 | Depths:1 | Entered Level 1 of the Depths
 34772 | Depths:1 | Found a one-way gate leading to the halls of Pandemonium.
 34777 | Depths:1 | Reached skill level 21 in Shields
 35263 | Depths:1 | Lost mutation: You are resistant to electric shocks.
                  | (rElec) [Jiyva's grace]
 35263 | Depths:1 | Gained mutation: Your skin changes colour to match your
                  | surroundings (Stealth+). [Jiyva's grace]
 35263 | Depths:1 | Gained mutation: Your skin blends seamlessly with your
                  | surroundings (Stealth++). [Jiyva's grace]
 35263 | Depths:1 | Gained mutation: Your skin perfectly mimics your
                  | surroundings (Stealth+++). [Jiyva's grace]
 35263 | Depths:1 | Gained mutation: Your mind is acute. (Int +4, Str/Dex -1)
                  | [Jiyva's grace]
 35294 | Depths:1 | Reached skill level 22 in Shields
 35353 | Depths:1 | Reached XP level 21. HP: 66/207 MP: 20/20
 35482 | Depths:1 | Reached skill level 23 in Shields
 35520 | Depths:1 | Found a gateway to Hell.
 35553 | Depths:1 | Noticed a caustic shrike
 35554 | Depths:1 | Noticed a golden dragon
 35554 | Depths:1 | Noticed a caustic shrike
 35554 | Depths:1 | Noticed a caustic shrike
 35554 | Depths:1 | Noticed a caustic shrike
 35554 | Depths:1 | Noticed a caustic shrike
 35557 | Depths:1 | Noticed a golden dragon
 35561 | Depths:1 | Killed a caustic shrike
 35568 | Depths:1 | Killed a caustic shrike
 35736 | Depths:1 | Killed a caustic shrike
 35757 | Depths:1 | Killed a caustic shrike
 35766 | Depths:1 | Reached skill level 24 in Shields
 35815 | Depths:1 | Killed a golden dragon
 35914 | Depths:1 | Killed a golden dragon
 35938 | Depths:1 | Identified the +5 spear of Atior {vamp, Dex+3 SInv}
 35987 | Depths:1 | Killed a caustic shrike
 36495 | Depths:2 | Reached skill level 25 in Shields
 36592 | Depths:2 | Paralysed by a wendigo for 1 turns
 36613 | Depths:2 | Noticed a shard shrike
 36994 | Depths:2 | Noticed a shard shrike
 37122 | Depths:2 | Killed a shard shrike
 37130 | Depths:2 | Killed a shard shrike
 37878 | Depths:4 | Entered Level 4 of the Depths
 37963 | Depths:3 | Lost mutation: Your skin perfectly mimics your surroundings
                  | (Stealth+++). [Jiyva's grace]
 37963 | Depths:3 | Lost mutation: Your skin blends seamlessly with your
                  | surroundings (Stealth++). [Jiyva's grace]
 37963 | Depths:3 | Lost mutation: Your melee attacks may engulf your foes in
                  | ooze. [Jiyva's grace]
 37963 | Depths:3 | Lost mutation: You have sharp toenails. [Jiyva's grace]
 37963 | Depths:3 | Gained mutation: You have large cloven feet. [Jiyva's
                  | grace]
 37963 | Depths:3 | Gained mutation: You have hoof-like feet. [Jiyva's grace]
 37963 | Depths:3 | Gained mutation: You have hooves in place of feet. [Jiyva's
                  | grace]
 37963 | Depths:3 | Gained mutation: Your muscles are strong. (Str +4, Int/Dex
                  | -1) [Jiyva's grace]
 37971 | Depths:3 | Found a one-way gateway to a ziggurat.
 37988 | Depths:3 | Reached XP level 22. HP: 217/217 MP: 21/21
 37992 | Zig:1    | Entered Level 1 of a ziggurat
 38009 | Zig:2    | Entered Level 2 of a ziggurat
 38030 | Zig:3    | Entered Level 3 of a ziggurat
 38044 | Zig:3    | Got the Incunable of the Comitatus
 38071 | Zig:4    | Entered Level 4 of a ziggurat
 38108 | Zig:5    | Entered Level 5 of a ziggurat
 38108 | Zig:5    | Noticed a juggernaut
 38122 | Zig:5    | Killed a juggernaut
 38154 | Zig:6    | Entered Level 6 of a ziggurat
 38216 | Zig:7    | Entered Level 7 of a ziggurat
 38254 | Zig:7    | Got the Omnibus of Company
 38321 | Zig:8    | Entered Level 8 of a ziggurat
 38379 | Zig:8    | Identified the staff of death "Lotibbur" {Fragile rC++ rN+}
 38380 | Zig:8    | Identified the -2 buckler of Amefut {Regen+ rCorr}
 38383 | Zig:8    | Identified the staff of fire "Licwex" {rF+ rN++ Will- Dex+2
                  | SInv}
 38392 | Zig:9    | Entered Level 9 of a ziggurat
 38404 | Zig:9    | Noticed a caustic shrike
 38416 | Zig:9    | Killed a caustic shrike
 38417 | Zig:9    | Reached skill level 26 in Shields
 38440 | Zig:9    | Identified the ring of the Writhing Saviour {Will+ MP+9}
 38470 | Zig:10   | Entered Level 10 of a ziggurat
 38481 | Zig:10   | Noticed an ancient lich
 38482 | Zig:10   | Noticed an ancient lich
 38483 | Zig:10   | Found the amulet of the Four Winds {rN+ Will+++ Clar}
 38489 | Abyss:2  | Found a corrupted altar of Lugonu.
 38489 | Abyss:2  | Cast into level 2 of the Abyss (a deep elf sorcerer)
 38562 | Abyss:2  | Found a corrupted altar of Lugonu.
 38611 | Abyss:2  | Found a corrupted altar of Lugonu.
 38690 | Abyss:2  | Paralysed by accursed screaming for 1 turns
 38739 | Zig:10   | Escaped the Abyss
 38771 | Zig:10   | Killed an ancient lich
 38771 | Zig:10   | Killed an ancient lich
 38787 | Zig:10   | Identified the +0 cloak of Pavader {Regen+ SInv}
 38793 | Zig:10   | Got the Omnibus of Fulgent Evil
 38800 | Zig:10   | Identified the +0 robe of Liberty {rC- rCorr Int+2}
 38824 | Zig:10   | Identified the staff of poison "Lulaura" {rElec rPois MP+9
                  | Dex+2}
 38829 | Zig:10   | Identified the +0 scale mail of the Stone Wall {rC+++ Dex+5
                  | Slay-6}
 38847 | Depths:3 | Found a shimmering altar of Xom.
 38906 | Depths:4 | Noticed a caustic shrike
 38907 | Depths:4 | Noticed a caustic shrike
 38907 | Depths:4 | Noticed a caustic shrike
 38907 | Depths:4 | Noticed a caustic shrike
 38908 | Depths:4 | Noticed a caustic shrike
 38918 | Depths:4 | Killed a caustic shrike
 38932 | Depths:3 | Noticed a golden dragon
 38939 | Depths:3 | Killed a golden dragon
 39025 | Depths:3 | Noticed a golden dragon
 39031 | Depths:3 | Killed a golden dragon
 39036 | Depths:3 | Noticed a caustic shrike
 39048 | Depths:3 | Killed a caustic shrike
 39058 | Depths:3 | Found a one-way gate to the infinite horrors of the Abyss.
 39078 | Depths:3 | Identified the +0 robe of Experimentation {rPois}
 39148 | Depths:3 | Lost mutation: You have hooves in place of feet. [Jiyva's
                  | grace]
 39148 | Depths:3 | Lost mutation: Your skin changes colour to match your
                  | surroundings (Stealth+). [Jiyva's grace]
 39148 | Depths:3 | Lost mutation: You passively map a large area around you.
                  | [Jiyva's grace]
 39148 | Depths:3 | Lost mutation: Your spells are a little harder to cast, but
                  | a little more powerful. [Jiyva's grace]
 39148 | Depths:3 | Lost mutation: Your pliable body absorbs attacks. (AC +2,
                  | EV +2) [Jiyva's grace]
 39148 | Depths:3 | Gained mutation: You are covered in slimy tendrils that may
                  | disarm your opponents. [Jiyva's grace]
 39148 | Depths:3 | Gained mutation: You expend magic power (3 MP) to
                  | strengthen your wands. [Jiyva's grace]
 39148 | Depths:3 | Gained mutation: Your melee attacks may engulf your foes in
                  | ooze. [Jiyva's grace]
 39148 | Depths:3 | Gained mutation: Your translucent skin slightly reduces
                  | your foes' accuracy. (Stealth+) [Jiyva's grace]
 39227 | Depths:3 | Got Wiham's Opusculum on Peccant Bolts
 39612 | Depths:4 | Noticed Grunn
 39619 | Depths:4 | Reached XP level 23. HP: 189/229 MP: 22/22
 39626 | Depths:4 | Killed Grunn
 39744 | Depths:4 | Noticed Margery
 39759 | Depths:4 | Killed Margery
 39774 | Depths:4 | Reached skill level 27 in Shields
 39879 | Depths:4 | Found a gate to the Realm of Zot.
 39886 | Zot:1    | Entered Level 1 of the Realm of Zot
 39896 | Zot:1    | Killed Odghynix's ghost
 40333 | Zot:3    | Noticed an ancient lich
 40341 | Zot:3    | Noticed a dread lich
 40364 | Zot:3    | Found a transporter.
 40366 | Zot:3    | Noticed a curse toe
 40366 | Zot:3    | Noticed Rarotz's ghost (legendary DjCj)
 40374 | Zot:3    | Found a transporter.
 40374 | Zot:3    | Identified the +1 pair of boots of Qeics {rElec Will+ Int+3
                  | Dex-5}
 40486 | Zot:3    | Identified the +0 plate armour of a Billion Ultimatums
                  | {Int+2}
 40632 | Zot:4    | Noticed a Killer Klown
 40650 | Zot:4    | Killed a Killer Klown
 40728 | Zot:4    | Noticed an ancient lich
 40750 | Zot:4    | Killed an ancient lich
 40927 | Zot:5    | Entered Level 5 of the Realm of Zot
 40927 | Zot:5    | Noticed a curse toe
 40938 | Zot:5    | Killed a curse toe
 41160 | Zot:5    | Noticed a dread lich
 41171 | Zot:5    | Noticed a dread lich
 41179 | Zot:5    | Noticed an orb of fire
 41181 | Zot:5    | Killed a dread lich
 41191 | Zot:5    | HP: 4/236 [orb of fire/bolt of fire (24)]
 41195 | Zot:5    | Killed from afar by an orb of fire

Illustrated notes

Levels and vault maps discovered:
D:1:      wheals_arrival_linesprint, layout_basic
D:2:      layout_loops_ring, basic_altar, grunt_decor_clamped
D:3:      layout_rooms, yredelemnul_forgotten_temple_becter,
          fiery_altar_vehumet, shapermc_ecumenical_altar_mp_ritualfount,
          uniq_jessica, uniq_ijyb
D:4:      layout_basic, nicolae_overflow_hidden_temple,
          nicolae_overflow_crystal_walls, minmay_manual_macuahuitl
D:5:      layout_rooms, nicolae_sif_muna_condensation,
          mainiacjoe_overflow_cross_hatched, serial_shops,
          nicolae_shop_tiny_statue_garden, minmay_misc_feat_pillars,
          minmay_misc_feat_nine_boxes
D:6:      layout_cave_pools, minmay_temple_entry_fiery
D:7:      layout_loops_corners, nicolae_figureground_sparkle
D:8:      layout_cave_pods, serial_shops, nicolae_shop_bloodbath_and_beyond
D:9:      layout_basic, gammafunk_temple_overflow_elements,
          jmf_multi_god_temple2, serial_shops, shop, shop, uniq_joseph,
          uniq_pikel
D:10:     layout_cave_pools, mainiacjoe_overflow_surrounded_room,
          mainiacjoe_overflow_brackets, minmay_lair_entry_grove, erik_orc_3,
          st_stairs_9, uniq_psyche, uniq_sonja
D:11:     layout_basic, uniq_maurice
D:12:     layout_irregular_city, serial_shops, shop,
          nicolae_shop_real_fake_doors, shop, nicolae_wu_jian_wuxing_cycle
D:13:     layout_basic, grunt_vaults_entry_tiered
D:14:     layout_small_grid, infiniplex_staircase_split_hallway,
          nicolae_blasting_shop, grunt_ministairs_6
D:15:     grunt_enter_depths_snipers, layout_irregular_city, abandoned_shop,
          hangedman_corner_corridor
Temple:   jpeg_temple_alley_garden
Lair:1:   layout_loops_ring, lemuel_fruit_tree, grunt_megastairs_5
Lair:2:   dpeg_oklob_gauntlet, layout_chaotic_city,
          nicolae_spider_entry_lesser_pyramids, gammafunk_ghost_grave,
          grunt_megastairs_2, serial_bayou_shore_a, serial_bayou_shore_b,
          infiniplex_staircase_pool, serial_bayou_shore_b
Lair:3:   layout_regular_city, minmay_shoals_entry_centaurs,
          nicolae_volcano_entry_hallway
Lair:4:   layout_layer_cave, slime_entry_1, fungi_pond_lemuel,
          chequers_serial_rivers_micro_d, uniq_snorg, uniq_nessos, uniq_rupert
Lair:5:   grunt_lair_end_beastmaster, layout_gridlike,
          infiniplex_staircase_pool_2
Shoals:1: layout_shoals
Shoals:2: layout_shoals, nicolae_shop_overcharged_wands
Shoals:3: layout_shoals, nicolae_shoals_hunting_party, uniq_ilsuiw
Shoals:4: shoals_end_hangedman, layout_shoals, uniq_mlioglotl, uniq_aizul,
          uniq_roxanne, uniq_kirke, uniq_polyphemus
Spider:1: nicolae_spider_hall_of_the_moth_king, hellmonk_narrow_tunnel,
          hangedman_spider_tarantella_strand
Spider:2: layout_spider_delve
Spider:3: layout_spider_delve, special_room [special_room_bee], drop_trap
Spider:4: hellmonk_spider_rune_endless_swarm
Slime:1:  layout_caves
Slime:2:  layout_caves
Slime:3:  layout_caves, cheibrodos_slime_lost_civilization_7
Slime:4:  layout_caves, nicolae_slime_crime_time
Slime:5
Orc:1:    layout_caves, gammafunk_ghost_split, serial_shops, shop,
          minmay_orc_temple_b
Orc:2:    st_orc_mages, layout_caves, serial_shops, nicolae_shop_peninsula
Vaults:1: nicolae_vaults_prndl, nicolae_vaults_trapezoid_lopsided_1,
          nicolae_vaults_big_angled_halls, v_misc_16, v_rooms_4,
          nicolae_vaults_heart-shaped_vault, v_misc_5,
          nicolae_vaults_tetromino_T_1, nicolae_vaults_oval_intersection,
          nicolae_vaults_closet_pinwheel_1, nicolae_vaults_tetromino_L_2,
          ontoclasm_vaults_pinch, nicolae_vaults_closet_pinwheel_4, v_pattern_1,
          layout_vaults_ring, uniq_zenata
Vaults:2: vaults_room_corners, minmay_crypt_entry_necro_gods, v_alt_pattern_3,
          nicolae_vaults_wine_cellar, grunt_vaults_twisty, st_lattice,
          ontoclasm_vaults_loading_screen, layout_vaults_chaotic_city,
          serial_glass
Vaults:3: nicolae_vaults_sightless_eye, v_misc_12, nicolae_vaults_mitosis,
          v_pattern_4, ontoclasm_vaults_misaligned,
          nicolae_vaults_diagonal_hallway_6, nicolae_vaults_network_periphery,
          nicolae_vaults_closet_pinwheel_3, nicolae_vaults_little_squares_3,
          nicolae_vaults_shelves_hall, ontoclasm_vaults_tryst,
          vaults_room_stairs_pillars, layout_vaults_omnicross
Vaults:4: nicolae_vaults_ring_of_whatevers, vaults_dpeg_doors,
          nicolae_vaults_cornered_office, nicolae_vaults_trapezoid_1,
          nicolae_vaults_tangram_1, vaults_mumra_minichess,
          nicolae_vaults_little_squares_1, dpeg_vaults_pockets_of_resistance,
          dpeg_vaults_monster_box, nicolae_vaults_tetromino_Z_2,
          nicolae_vaults_network_barrier, nicolae_vaults_tetromino_T_1,
          vaults_mumra_minichess_inversion, layout_vaults_maze_snakey
Depths:1: grunt_bent_corner, layout_cave_pools, grunt_pan_entry_spiral,
          hell_entry, roderic_serpentine_path, chequers_serial_rivers_small_3,
          dispersion_dpeg
Depths:2: dreamdust_isle_of_ice, layout_gridlike, rand_demon_pan_entry_4,
          hell_entry
Depths:3: minmay_complete_graph, layout_gridlike, enter_ziggurat_f,
          xom_teletrap_fun, abyss_entry_small_statue_room, hell_entry,
          infiniplex_staircase_zigzag_2
Depths:4: evilmike_zot_entry_gauntlet, layout_basic, hell_entry, zin_angel,
          pandoras_box_mu, uniq_enchantress, uniq_xtahua, uniq_grunn,
          uniq_margery
Zot:1:    lemuel_draconian_sentries_small, layout_cellular_growth,
          gammafunk_ghost_ooze, grunt_megastairs_4
Zot:2:    layout_gridlike, st_small_dragon_hoard_4
Zot:3:    layout_onion_interference, basic_altar, gammafunk_ghost_mausoleum
Zot:4:    hellmonk_paralyzer, layout_gridlike, hangedman_player_shredder
Zot:5:    layout_concentric_octagons, bh_zot_ikea_curve

Skill      XL: |  1  2  3  4  5  6  7  8  9 10 11 12 13 14 15 16 17 18 19 20 21 22 23 |
---------------+----------------------------------------------------------------------+-----
Axes           | 4 5 6 7 8 11 14 15 16 17 18 | 18.0
Fighting       | 4 5 6 8 9 11 14 15 18 19 21 22 24 26 | 26.0
Armour         | 3 4 8 12 13 16 18 20 21 22 23 25 | 25.3
Stealth        | 2 |  2.0
Throwing       | 1 2 |  2.0
Evocations     | 5 6 7 9 11 13 | 13.7
Shields        | 7 8 9 10 12 14 16 18 22 25 26 27 | 27.0
Dodging        | |  1.1

Action                     |  1- 3 |  4- 6 |  7- 9 | 10-12 | 13-15 | 16-18 | 19-21 | 22-24 || total
---------------------------+-------+-------+-------+-------+-------+-------+-------+-------++-------
  Melee: Hand axe          |    70 |    22 |    12 |       |       |       |       |       ||   104
         Headbutt          |     8 |    10 |    34 |    59 |   111 |   371 |   385 |   251 ||  1229
         Kick              |    18 |    20 |     5 |       |       |    46 |   147 |   277 ||   513
         Whip              |       |    67 |    88 |       |       |       |       |       ||   155
         Halberd           |       |     5 |       |       |       |       |       |       ||     5
         War axe           |       |       |    83 |   306 |   325 |  1361 |  1109 |   408 ||  3592
         Punch             |       |       |     1 |       |       |       |       |       ||     1
         Flail             |       |       |       |       |    20 |       |       |       ||    20
         Mace              |       |       |       |       |     4 |       |       |       ||     4
         Pseudopods        |       |       |       |       |       |   132 |   372 |   235 ||   739
         Unarmed           |       |       |       |       |       |     2 |       |       ||     2
         Broad axe         |       |       |       |       |       |       |   231 |   334 ||   565
         Demon trident     |       |       |       |       |       |       |    21 |       ||    21
  Throw: Dart              |     1 |     8 |    12 |       |     3 |       |     1 |     5 ||    30
         Boomerang         |       |     8 |     4 |     1 |       |       |       |       ||    13
         Javelin           |       |       |       |     3 |       |       |       |     2 ||     5
 Invoke: Oozemancy         |       |       |       |       |       |       |     1 |       ||     1
         Slimify           |       |       |       |       |       |       |       |     1 ||     1
Ability: Evoke Blink       |       |       |       |     1 |       |     4 |     1 |     2 ||     8
  Evoke: Piece from Xom's  |     2 |    10 |    11 |    16 |     9 |     8 |       |       ||    56
         Wand              |       |       |     2 |    10 |     3 |    14 |    10 |    11 ||    50
    Use: Scroll            |     4 |     5 |     4 |     4 |     9 |    11 |    13 |    17 ||    67
         Potion            |       |     2 |     6 |     4 |     7 |     3 |     1 |    11 ||    34
   Stab: Sleeping          |     2 |     8 |     5 |       |       |       |       |       ||    15
         Paralysed         |     1 |       |     2 |       |     1 |     1 |       |       ||     5
         Confused          |       |       |       |     2 |       |     5 |       |       ||     7
         Petrified         |       |       |       |       |       |     3 |       |       ||     3
 Armour: Leather armour    |    27 |    29 |    46 |     2 |       |       |       |       ||   104
         Skin              |       |       |    10 |     4 |       |       |       |       ||    14
         Chain mail        |       |       |       |    88 |       |       |       |       ||    88
         Crystal plate arm |       |       |       |    22 |   205 |   543 |   612 |   339 ||  1721
  Dodge: Dodged            |    34 |    64 |    66 |    99 |    76 |   240 |   353 |   172 ||  1104
  Block: Buckler           |       |       |       |    83 |   147 |    94 |       |       ||   324
         Reflection        |       |       |       |       |     6 |   110 |    59 |    17 ||   192
         Kite shield       |       |       |       |       |       |   776 |   953 |       ||  1729
         Other             |       |       |       |       |       |     1 |       |       ||     1
         Tower shield      |       |       |       |       |       |       |   269 |   738 ||  1007

Table legend: (Time is in decaauts)
 A = Elapsed time spent in this place.
 B = Non-inter-level travel time spent in this place.
 C = Inter-level travel time spent in this place.
 D = Time resting spent in this place.
 E = Time spent auto-exploring this place.
 F = Levels seen in this place.
 G = Mean time per level.
                   A        B        C        D        E       F      G
               +--------+--------+--------+--------+--------+-----+--------+
         Total |  40147 |  37212 |   2935 |   5080 |  16626 |  61 |  658.1 |
       Dungeon |  13673 |  12592 |   1081 |   1775 |   6826 |  15 |  911.5 |
        Temple |    224 |    174 |     50 |      0 |    165 |   1 |  224.0 |
          Lair |   6639 |   6003 |    636 |   1394 |   2808 |   5 | 1327.8 |
        Shoals |   2689 |   2553 |    136 |    154 |    554 |   4 |  672.2 |
   Spider Nest |   2522 |   2268 |    254 |     67 |   1143 |   4 |  630.5 |
    Slime Pits |    567 |    411 |    156 |      0 |      0 |   5 |  113.4 |
  Orcish Mines |   2348 |   2088 |    260 |    163 |   1220 |   2 | 1174.0 |
        Vaults |   4662 |   4416 |    246 |    474 |   2383 |   4 | 1165.5 |
        Depths |   4126 |   4048 |     78 |    316 |   1527 |   4 | 1031.5 |
           Zot |   1174 |   1139 |     35 |    224 |      0 |   5 |  234.8 |
         Abyss |    234 |    234 |      0 |     20 |      0 |   1 |  234.0 |
      Ziggurat |    574 |    574 |      0 |     85 |      0 |  10 |   57.4 |
       Volcano |    710 |    710 |      0 |    405 |      0 |   1 |  710.0 |
               +--------+--------+--------+--------+--------+-----+--------+

Top non-repeatable levels by time:
  Lair:4: 1794 daAuts
     D:9: 1565 daAuts
Depths:2: 1465 daAuts
Depths:1: 1438 daAuts
  Lair:2: 1425 daAuts
Vaults:3: 1342 daAuts
   Orc:2: 1291 daAuts
    D:11: 1213 daAuts
Shoals:4: 1168 daAuts
  Lair:5: 1146 daAuts
  Lair:3: 1138 daAuts
  Lair:1: 1133 daAuts
Vaults:2: 1131 daAuts
Vaults:4: 1130 daAuts
     D:7: 1100 daAuts
